 Dungeon Crawl Stone Soup version 0.16.2-12-gd0ad4c3 (webtiles) character file.

170 dvd the Chopper (level 5, -3/49 HPs)
             Began as a Deep Dwarf Berserker on Oct 22, 2015.
             Was a Priest of Trog.
             Killed from afar by Ijyb (17 damage)
             ... with a wand of lightning
             ... on level 4 of the Dungeon.
             The game lasted 00:12:51 (2364 turns).

dvd the Chopper (Deep Dwarf Berserker)              Turns: 2364, Time: 00:12:51

Health: -3/49      AC:  7    Str: 22    XL:     5   Next: 26%
Magic:  5/5        EV:  8    Int:  7    God:    Trog [***...]
Gold:   160        SH:  8    Dex: 12    Spells: 0 memorised, 4 levels left

rFire  . . .     SeeInvis .     a - +1 hand axe
rCold  . . .     Clarity  .     s - +1 scale mail
rNeg   . . .     SustAb   .     i - +0 shield
rPois  .         Gourm    .     (no helmet)
rElec  .         Spirit   .     (no cloak)
rCorr  .         Warding  .     (no gloves)
rMut   .         Stasis   .     (no boots)
MR     ++...                    (no amulet)
Stlth  ..........               (no ring)
                                (no ring)

@: non-regenerating, very resistant to hostile enchantments, extremely
unstealthy
A: damage resistance, recharge devices, sense surroundings 1, slow healing 3
a: Device Recharging, Burn Spellbooks, Berserk, Trog's Hand, Renounce Religion


You were on level 4 of the Dungeon.
You worshipped Trog.
Trog was most pleased with you.
You were hungry.

You visited 1 branch of the dungeon, and saw 4 of its levels.

You collected 160 gold pieces.

Inventory:

Hand weapons
 a - a +1 hand axe (weapon)
 v - a +1 dagger of freezing
Missiles
 w - 2 tomahawks (quivered)
Armour
 f - a +0 large shield
 i - a +0 shield (worn)
 s - a +1 scale mail (worn)
Magical devices
 c - a wand of heal wounds (4)
Scrolls
 k - 4 scrolls of teleportation {unknown}
 l - 4 scrolls of identify {unknown}
 n - a scroll of remove curse
 p - a scroll of enchant weapon
 u - a scroll of enchant armour
Potions
 h - a potion of curing
 m - a potion of heal wounds
Comestibles
 d - a bread ration


   Skills:
 + Level 3.5 Fighting
 + Level 4.2 Axes
 + Level 2.9 Armour
 + Level 3.7 Dodging
 - Level 0.3 Stealth
 + Level 1.5 Shields


You had 4 spell levels left.
You didn't know any spells.

Dungeon Overview and Level Annotations

Branches:
Dungeon (4/15)
 Temple: D:4-7

Altars:
Vehumet
Xom

Annotations:
D:4 Ijyb


Innate Abilities, Weirdness & Mutations

You are resistant to damage.
You can recharge devices by infusing magical energy.
You passively map a small area around you.
You do not heal naturally.


Message History

a club; a hobgoblin corpse You closely miss Ijyb.
Ijyb closely misses you.
You hit Ijyb.
Ijyb is moderately wounded.
Ijyb zaps a wand.
The bolt of lightning hits you!
You miss Ijyb.
Ijyb is moderately wounded.
Ijyb zaps a wand.
The bolt of lightning hits you!
* * * LOW HITPOINT WARNING * * *
Use which ability? (? or * to list)
Your skin crawls.
You feel resistant to hostile enchantments.
You feel slightly more hungry. Ijyb hits you but does no damage.
You hit Ijyb.
Ijyb is moderately wounded.
You block Ijyb's attack.
You hit Ijyb.
Ijyb is heavily wounded.
Ijyb zaps a wand.
The bolt of lightning hits you!
You die...

* , , .# ***.# , .# ,
###.##### * *#####
#........# , , , ...#
#........# ,
.######.###†........ ,
..........g@?.......(.
*
..######.###..........
,..........#
###........ ,
,#.#####..# .....#.
#<.....# .....#,
#......# .###.# ,
#......# * *.# ., ,
#.###..... .. , #.#
#.>.... .., , , ,


You could see Ijyb.

Vanquished Creatures
  3 gnolls (D:3)
  9 adders
  4 giant geckos
  2 orcs (D:3)
  2 giant cockroaches
  5 hobgoblins
  7 jackals
  5 kobolds
  A quokka (D:3)
  A ball python (D:1)
  4 bats
  A giant newt (D:2)
  6 goblins
  7 rats
57 creatures vanquished.

Vanquished Creatures (others)
  A jackal (D:4)
1 creature vanquished.

Grand Total: 58 creatures vanquished

Notes
Turn   | Place    | Note
--------------------------------------------------------------
     0 | D:1      | dvd, the Deep Dwarf Berserker, began the quest for the Orb.
     0 | D:1      | Reached XP level 1. HP: 20/20 MP: 1/1
   256 | D:1      | Reached XP level 2. HP: 20/27 MP: 2/2
  1059 | D:2      | Acquired Trog's second power
  1133 | D:2      | Found a shimmering altar of Xom.
  1159 | D:2      | Found a radiant altar of Vehumet.
  1201 | D:2      | Reached XP level 3. HP: 18/34 MP: 3/3
  1382 | D:2      | Reached skill level 4 in Axes
  1610 | D:3      | Reached XP level 4. HP: 33/42 MP: 4/4
  1757 | D:3      | Reached skill level 1 in Shields
  1977 | D:3      | Reached XP level 5. HP: 29/49 MP: 5/5
  2356 | D:4      | Noticed Ijyb
  2364 | D:4      | Killed from afar by Ijyb

Action                   |  1- 3 |  4- 6 || total
-------------------------+-------+-------++-------
Melee: Hand axe          |   113 |   141 ||   254
Invok: Trog's Hand       |     1 |     4 ||     5
Evoke: Wand              |     1 |       ||     1
  Use: Scroll            |       |     6 ||     6
       Potion            |       |     5 ||     5
  Eat: Chunk             |     2 |     3 ||     5
